 Dungeon Crawl Stone Soup version 0.30.0-5-g1a98f26d00 (webtiles) character file.

Game seed: 4871611539571419136

60 Jarnaxa the Chopper (level 4, 0/41 HPs)
             Began as a Hill Orc Monk on May 11, 2023.
             Frozen to death by an endoplasm (4 damage)
             ... on level 2 of the Dungeon.
             The game lasted 00:01:56 (928 turns).

Jarnaxa the Chopper (Hill Orc Monk)                  Turns: 928, Time: 00:01:57

Health: 0/41       AC:  5    Str: 15    XL:     4   Next: 6%
Magic:  4/4        EV: 11    Int: 10    God:
Gold:   26         SH:  0    Dex: 13    Spells: 3/3 levels left

rFire   . . .        a - +0 hand axe
rCold   . . .        d - orb {light}
rNeg    . . .        j - +0 ring mail
rPois   .            (no helmet)
rElec   .            (no cloak)
rCorr   .            (no gloves)
SInv    .            (no boots)
Will    .....        (no amulet)
Stlth   +            (no ring)
HPRegen 0.26/turn    (no ring)
MPRegen 0.09/turn

%: no passive effects
@: attractive, glowing
A: no striking features
a: no special abilities


You were on level 2 of the Dungeon.
You visited 1 branch of the dungeon, and saw 2 of its levels.

You collected 26 gold pieces.

Inventory:

Hand Weapons
 a - a +0 hand axe (weapon)
Armour
 d - an orb of light (worn)
 j - a +0 ring mail (worn)
Scrolls
 f - a scroll of vulnerability {unknown}
 g - 2 scrolls of fog {unknown}
Potions
 b - a potion of degeneration {unknown}
 c - a potion of ambrosia
 e - 2 potions of attraction
 h - 2 potions of cancellation
 i - a potion of lignification {unknown}


   Skills:
 + Level 4.5 Fighting
 + Level 4.9 Axes
 + Level 0.4 Armour
 + Level 2.8 Dodging
 + Level 0.2 Stealth


You had 3 spell levels left.
You didn't know any spells.
Your spell library contained the following spells:

 Spells                   Type           Power      Damage    Failure   Level
 Summon Small Mammal      Summ           0%         N/A       58%         1
 Call Canine Familiar     Summ           0%         N/A       92%         3
 Summon Guardian Golem    Hex/Summ       0%         N/A       92%         3


Dungeon Overview and Level Annotations

Branches:
Dungeon (2/15)

Altars:

Shops:
D:1 :


Message History

The quokka barely misses you.
It was a potion of attraction.
You feel attractive to monsters. The hound closely misses you.
The quokka bites you but does no damage.
The hound bites you but does no damage.
You hit the hound.
The hound is almost dead.
You barely miss the quokka. The hound barely misses you.
The quokka closely misses you.
You barely miss the hound.
The hound is almost dead.
You hit the quokka. The hound misses you.
The quokka bites you but does no damage.
The hound bites you but does no damage.
You hit the hound.
You kill the hound!
You hit the quokka.
The quokka bites you but does no damage.
The quokka closely misses you.
You have reached level 4!
You hit the endoplasm.
The endoplasm is moderately wounded.
You hit the quokka.
You kill the quokka!
The endoplasm completely misses you.
You hit the endoplasm but do no damage.
The endoplasm is moderately wounded.
You hit the kobold. The endoplasm freezes you.
You are frozen.
* * * LOW HITPOINT WARNING * * *
The kobold hits you with a +0 short sword.
* * * LOW HITPOINT WARNING * * *
It was a potion of cancellation.
Your magical effects are unravelling.
You feel magically purged. The kobold closely misses you.
The endoplasm freezes you.
You are frozen.
You die...

#.#. #.# #... #..
###... #.. #..... ..
+#.....##.# #######
.8.....#..###.....##
...#..K..###.......##
.....JJ@..#.........#
......##............#
..... ##.#.........#
.... #...........#
... ##..........# ..
#.........## .
##.........#
#.........#
#.........#


You could see 2 endoplasms and a kobold.

Vanquished Creatures
  A hound (D:2)
  4 ball pythons (D:1)
  2 bats (D:1)
  3 endoplasms
  3 giant cockroaches (D:1)
  3 goblins
  2 quokkas
  2 frilled lizards (D:1)
  4 kobolds (D:1)
  5 rats
29 creatures vanquished.

Notes
Turn   | Place    | Note
-------+----------+-------------------------------------------
     0 | D:1      | Jarnaxa the Hill Orc Monk began the quest for the Orb.
     0 | D:1      | Reached XP level 1. HP: 19/19 MP: 1/1
   303 | D:1      | Reached XP level 2. HP: 24/27 MP: 2/2
   363 | D:1      | Found Qogokess's Vocational Training.
   677 | D:1      | Reached XP level 3. HP: 26/34 MP: 3/3
   926 | D:2      | Reached XP level 4. HP: 8/41 MP: 4/4
   928 | D:2      | Frozen to death by an endoplasm

Illustrated notes

Levels and vault maps discovered:
D:1:      dpeg_arrival_snail, layout_loops_ring, nicolae_shop_vocational
D:2:      layout_rooms, dreamdust_ecumenical_altar_angels_and_demons,
          minmay_misc_feat_rugged, nicolae_eternal_life, uniq_sigmund

Skill      XL: |  1 |
---------------+----+-----
Fighting       | 4 |  4.5
Axes           | |  4.9
Armour         | |  0.4
Dodging        | |  2.8
Stealth        | |  0.2

Action                     |  1- 3 |  4- 6 || total
---------------------------+-------+-------++-------
  Melee: Hand axe          |    74 |     2 ||    76
    Use: Potion            |     1 |     1 ||     2
 Armour: Robe              |    10 |       ||    10
         Ring mail         |    15 |       ||    15
  Dodge: Dodged            |    56 |     2 ||    58
